 Dungeon Crawl Stone Soup version 0.27.0-1-g7a089689b8 (webtiles) character file.

Game seed: 17070067994493772595

5832 Kinoniko the Carver (level 10, -26/77 HPs)
             Began as a Pale Draconian Berserker on Aug 12, 2021.
             Was a High Priest of Trog.
             Annihilated by an orc knight (29 damage)
             ... in a bailey.
             The game lasted 00:09:51 (10737 turns).

Kinoniko the Carver (Pale Draconian Berserker)     Turns: 10737, Time: 00:09:52

Health: -26/77     AC: 11    Str: 20    XL:     10   Next: 51%
Magic:  0/10       EV: 17    Int:  7    God:    Trog [*****.]
Gold:   892        SH:  7    Dex: 20    Spells: 9/9 levels left

rFire    . . .     SeeInvis .   b - +1 double sword (venom)
rCold    . . .     Faith    .   c - +1 buckler
rNeg     . . .     Spirit   +   (armour unavailable)
rPois    +         Reflect  .   (helmet restricted)
rElec    .         Harm     .   j - +2 cloak {rPois}
rCorr    .         Rampage  .   w - +0 pair of gloves
Will     .....                  (no boots)
Stlth    ++........             s - amulet of guardian spirit
HPRegen  0.22/turn              q - +6 ring of dexterity
MPRegen  0.12/turn              (no ring)

@: short of breath, on berserk cooldown, slowed, very slow
A: breathe steam, AC +7, unfitting armour, cold-blooded, steam resistance
a: Breathe Steam, Renounce Religion, Berserk, Trog's Hand, Brothers in Arms


You were in a bailey.
You worshipped Trog.
Trog was extremely pleased with you.
You visited 1 branch of the dungeon, and saw 10 of its levels.
You also visited: Ossuary and Bailey.

You collected 892 gold pieces.

Inventory:

Hand Weapons
 a - a +0 falchion
 b - a +1 double sword of venom (weapon)
 m - a +0 long sword
Armour
 c - a +1 buckler (worn)
 j - a +2 cloak of poison resistance (worn)
 l - a +2 cloak
 w - a +0 pair of gloves (worn)
Jewellery
 q - a +6 ring of dexterity (left hand)
 r - an amulet of magic regeneration
 s - an amulet of guardian spirit (around neck)
 x - a ring of willpower
Wands
 o - a wand of mindburst (15)
 t - a wand of flame (36)
 C - a wand of iceblast (10)
Scrolls
 z - a scroll of summoning
 A - a scroll of magic mapping
 D - a scroll of teleportation
Potions
 d - 3 potions of might {unknown}
 e - 5 potions of curing
 f - a potion of berserk rage {unknown}
 g - a potion of ambrosia {unknown}
 h - 3 potions of mutation {unknown}
 i - 2 potions of lignification {unknown}
 k - a potion of flight {unknown}
 n - 5 potions of invisibility
 p - 3 potions of heal wounds
 u - a potion of degeneration {unknown}
 v - a potion of attraction {unknown}
 B - 3 potions of cancellation {unknown}
 E - 3 potions of haste {unknown}
 F - a potion of experience
 G - 2 potions of brilliance {unknown}


   Skills:
 - Level 3.2 Fighting
 * Level 12.6 Long Blades
 + Level 7.6 Dodging
 - Level 5.6 Shields


You had 9 spell levels left.
You didn't know any spells.
Your spell library was empty.

Dungeon Overview and Level Annotations

Branches:
Dungeon (10/15)            Temple (0/1) D:5            Lair (0/6) D:10
Ossuary (visited)          Bailey (1/1)
    Orc: D:9-12

Altars:
Dithmenos
Qazlal
Ru
Uskayaw
Yredelemnul
Zin
The Shining One

Annotations:
D:6 3 runed translucent doors, happy's ghost, amateur OpAM
D:8 1 runed translucent door


Innate Abilities, Weirdness & Mutations

You can breathe blasts of scalding, opaque steam.
Your pale cyan-grey scales are hard. (AC +7)
You cannot fit into any form of body armour.
You are cold-blooded and may be slowed by cold attacks.
You are immune to the effects of steam.


Message History

You are exhausted.
You feel yourself slow down.
Your two-headed ogre barely misses the orc warrior.
Your two-headed ogre hits the orc warrior with a +0 giant club!!
You block the orc knight's attack.
The orc priest calls down the wrath of Beogh upon you.
Beogh smites you!
You slash the orc warrior!
You kill the orc warrior!
The orc warrior's corpse dissolves into shadows!
Your two-headed ogre rages.
The orc barely misses you.
The orc hits your two-headed ogre with a +0 flail.
Something hits your two-headed ogre.
The orc knight hits your two-headed ogre with a +0 halberd!!
The orc knight roars a battlecry!
The orc knight goes into a battle-frenzy!
Your two-headed ogre hits the orc with a +0 giant club!!
The orc dies!
The orc's corpse dissolves into shadows!
The orc priest closely misses you.
The orc hits your two-headed ogre with a +0 flail.
The orc hits you with a +0 dagger.
Something barely misses your two-headed ogre.
Press: ? - help, Shift-Dir - straight line, f - orc
Aim: an orc, wielding a +0 club (summoned, strong)
You exhale a blast of scalding steam.
The ball of steam hits the orc knight.
The orc knight is severely wounded.
The ball of steam hits the orc knight.
The orc knight is lightly wounded.
Your two-headed ogre hits the orc with a +0 giant club!!!
The orc dies!
The orc's corpse dissolves into shadows!
The orc knight is engulfed in a cloud of scalding steam.
The orc knight hits you with a +0 halberd!!!
Ouch! That really hurt!
* * * LOW HITPOINT WARNING * * *
The orc knight is engulfed in a cloud of scalding steam.
The orc knight hits you from afar with a +0 trident!!
You die...

##### ####### ##
....#########.....###...
.)...#.....#.......'....
))...'.....'....{))'....
)).).'.....'.)))Oooo....
)....'.....'..))@oooo...
)....#.....#.)))oooo....
....#########.)...###...
##### ####### #


You could see 2 orc knights, 2 orc warriors, an orc priest (summoned, strong), 4
orcs and a friendly two-headed ogre (summoned, berserk).

Vanquished Creatures
  Maggie (D:6)
  A troll (D:9)
  Grinder (D:4)
  A wraith (D:6)
  6 yaks (D:8)
  4 orc warriors
  A sky beast (D:7)
  An ice beast (D:6)
  A necrophage (D:6)
  An ogre (D:3)
  A phantom (D:5)
  4 elf zombies (Ossuary)
  6 bullfrogs
  3 scorpions
  11 killer bees
  5 wights (D:9)
  2 howler monkeys (D:9)
  2 electric eels (D:7)
  3 centaur zombies (Ossuary)
  An orc priest (D:8)
  2 hounds
  A bullfrog skeleton (D:6)
  3 centaur skeletons
  A gnoll shaman (D:9)
  5 human zombies (Ossuary)
  Crazy Yiuf (D:4)
  3 iguanas
  4 orc wizards
  A hound skeleton (D:2)
  3 mummies (Ossuary)
  A howler monkey zombie (D:7)
  11 gnolls
  3 adders
  2 shadow imps
  A white imp (D:6)
  An ufetubus (D:6)
  An adder zombie (D:5)
  A worm (D:2)
  A dart slug (D:3)
  47 orcs
  6 endoplasms
  4 giant cockroaches
  6 goblins
  8 hobgoblins
  11 jackals
  10 kobolds
  4 quokkas (D:1)
  6 ball pythons
  4 bats
  2 frilled lizards
  4 rats
214 creatures vanquished.

Vanquished Creatures (collateral kills)
  2 orc knights (Bailey)
  An orc warrior (Bailey)
  2 orcs (Bailey)
5 creatures vanquished.

Vanquished Creatures (others)
  20 plants (D:7)
20 creatures vanquished.

Grand Total: 239 creatures vanquished

Notes
Turn   | Place    | Note
-------+----------+-------------------------------------------
     0 | D:1      | Kinoniko the Draconian Berserker began the quest for the
                  | Orb.
     0 | D:1      | Reached XP level 1. HP: 19/19 MP: 1/1
   122 | D:1      | Reached XP level 2. HP: 25/26 MP: 2/2
   776 | D:1      | Found a faded altar of an unknown god.
  1206 | D:2      | Reached XP level 3. HP: 18/31 MP: 3/3
  1250 | D:2      | Reached ** piety under Trog
  1251 | D:2      | Reached skill level 4 in Long Blades
  1251 | D:2      | Reached skill level 1 in Shields
  2019 | D:2      | Reached XP level 4. HP: 33/37 MP: 4/4
  3392 | D:3      | Noticed an ogre
  3404 | D:3      | Killed an ogre
  3405 | D:3      | Reached XP level 5. HP: 44/45 MP: 5/5
  3636 | D:4      | Noticed Grinder
  3640 | D:4      | Killed Grinder
  3641 | D:4      | Reached skill level 5 in Long Blades
  3641 | D:4      | Reached XP level 6. HP: 51/51 MP: 6/6
  3957 | D:4      | Found a runed translucent door.
  3958 | D:4      | Noticed Crazy Yiuf
  4339 | D:4      | Killed Crazy Yiuf
  4340 | D:4      | Reached skill level 6 in Long Blades
  4605 | D:5      | Entered Level 5 of the Dungeon
  4648 | D:5      | Identified a scroll of acquirement
  4648 | D:5      | Acquired a +1 double sword of holy wrath
  4681 | D:5      | Your scales start taking on a pale cyan-grey colour.
  4681 | D:5      | Reached XP level 7. HP: 57/57 MP: 7/7
  4681 | D:5      | Gained mutation: You are immune to the effects of steam.
                  | [Pale Draconian growth]
  4929 | D:5      | Found a staircase to the Ecumenical Temple.
  5054 | D:5      | Acquired 290 gold pieces
  5088 | D:5      | Found a glowing silver altar of Zin.
  5121 | D:5      | Found a sacrificial altar of Ru.
  5195 | D:5      | Found a basalt altar of Yredelemnul.
  5302 | D:6      | Acquired a +0 cloak of poison resistance
  5348 | D:6      | Noticed a wraith
  5358 | D:6      | Killed a wraith
  5358 | D:6      | Reached *** piety under Trog
  5359 | D:6      | Reached skill level 7 in Long Blades
  5569 | D:6      | Reached XP level 8. HP: 57/63 MP: 8/8
  5600 | D:6      | Found a runed translucent gate.
  5601 | D:6      | Found a runed translucent gate.
  5601 | D:6      | Found a runed translucent gate.
  5610 | D:6      | Noticed happy's ghost (amateur OpAM)
  5693 | D:6      | Reached skill level 8 in Long Blades
  5707 | D:6      | Reached skill level 5 in Shields
  5911 | D:6      | Found a glowing golden altar of the Shining One.
  5982 | D:6      | Noticed Maggie
  5993 | D:6      | Killed Maggie
  6387 | D:6      | Found a hide-covered altar of Uskayaw.
  6388 | D:6      | Found a stormy altar of Qazlal.
  6398 | D:6      | Reached skill level 9 in Long Blades
  7616 | D:7      | Reached skill level 5 in Dodging
  7616 | D:7      | Reached XP level 9. HP: 70/70 MP: 9/9
  7807 | D:7      | Reached skill level 10 in Long Blades
  8082 | D:7      | Found a shadowy altar of Dithmenos.
  8503 | D:8      | Found a sand-covered staircase.
  8511 | Ossuary  | Entered an ossuary
  8958 | D:8      | Reached **** piety under Trog
  9082 | D:8      | Reached skill level 11 in Long Blades
  9355 | D:8      | Noticed a manticore
  9355 | D:8      | Noticed a centaur warrior
  9355 | D:8      | Noticed a centaur warrior
  9356 | D:8      | Found a runed translucent door.
  9358 | D:8      | Noticed a green ugly thing
  9358 | D:8      | Noticed an orc knight
  9358 | D:8      | Noticed a wolf spider
  9358 | D:8      | Noticed a centaur warrior
  9358 | D:8      | Noticed a manticore
  9359 | D:8      | Found the +6 shillelagh "Devastator" {shatter}
  9470 | D:8      | Reached XP level 10. HP: 72/77 MP: 5/10
  9884 | D:9      | Reached skill level 12 in Long Blades
 10046 | D:9      | Noticed a lindwurm
 10046 | D:9      | Noticed a lindwurm
 10418 | D:9      | Noticed a lindwurm
 10424 | D:9      | Noticed a lindwurm
 10447 | D:10     | Entered Level 10 of the Dungeon
 10488 | D:10     | Found a flagged portal.
 10495 | Bailey   | Entered a bailey
 10622 | Bailey   | Reached ***** piety under Trog
 10710 | Bailey   | Noticed an orc knight
 10716 | Bailey   | Noticed an orc knight
 10717 | Bailey   | Noticed an orc knight
 10718 | Bailey   | Killed an orc knight
 10724 | Bailey   | Noticed an orc knight
 10729 | Bailey   | Killed an orc knight
 10737 | Bailey   | HP: 3/77 [orc knight (39)]
 10737 | Bailey   | Annihilated by an orc knight

Illustrated notes

Levels and vault maps discovered:
D:1:      amcnicky_arrival_abandoned_market, layout_loops_corners,
          hellmonk_ecumenical_altar_inner_sanctum
D:2:      wad_pebble_path, layout_basic, serial_co_window_serial,
          co_window_paths_b, co_window_corner_a, co_window_of_opportunity_a,
          co_window_corner_a, co_window_corner_a, co_window_unsneaky_path_e,
          co_window_paths_c, co_window_corner_b, co_window_cross_2,
          co_window_corner_ca, co_window_paths_c, co_window_of_opportunity_c,
          co_window_4corner_b, glass_columns_c, glass_columns_a,
          glass_columns_a, glass_columns_b, glass_columns_a
D:3:      layout_basic
D:4:      layout_gridville, chequers_serial_rivers_micro_e,
          uniq_crazy_yiuf_cottage, uniq_grinder
D:5:      layout_cave_pools, mainiacjoe_overflow_alcove_1,
          mainiacjoe_overflow_catch_the_wave, minmay_temple_entry_fiery
D:6:      layout_layer_cave, tso_metal_star, gammafunk_temple_overflow_statue,
          gammafunk_ghost_split, uniq_maggie
D:7:      layout_loops_corners, mainiacjoe_overflow_alcove_4,
          roderic_roman_lattice, serial_bayou_lagoon_a
D:8:      minmay_gate_of_8, layout_gridville, nicolae_ossuary_entry_monument
D:9:      layout_loops_cross, lemuel_blue_sif_altar, minmay_lindwurm_lava
D:10:     layout_basic, lair_entry_dummy, enter_bailey_3, uniq_fannar
Bailey:   bailey_polearm_5, bailey

Skill      XL: |  1  2  3  4  5  6  7  8  9 10 |
---------------+-------------------------------+-----
Dodging        | 3 4 5 6 7 |  7.6
Long Blades    | 4 5 6 7 9 11 12 | 12.6
Shields        | 1 2 3 4 5 |  5.6
Fighting       | |  3.2

Action                   |  1- 3 |  4- 6 |  7- 9 | 10-12 || total
-------------------------+-------+-------+-------+-------++-------
Melee: Falchion          |    99 |    34 |       |       ||   133
       Tailslap          |    15 |    17 |    58 |    14 ||   104
       Long sword        |       |    66 |       |       ||    66
       Double sword      |       |     2 |   253 |    87 ||   342
Invok: Berserk           |       |     4 |     6 |     4 ||    14
       Brothers in Arms  |       |       |       |     1 ||     1
 Abil: Breathe Steam     |       |       |       |     3 ||     3
  Use: Scroll            |       |     9 |     7 |     4 ||    20
       Potion            |       |       |     1 |       ||     1
 Stab: Sleeping          |     2 |       |     1 |       ||     3
Armor: Skin              |    31 |    45 |    81 |    23 ||   180
Dodge: Dodged            |    60 |    89 |   189 |   107 ||   445
Block: Buckler           |    17 |    22 |    95 |    38 ||   172
       Rpst.: Falchion   |    22 |     3 |       |       ||    25
       Long sword        |       |    15 |       |       ||    15
       Double sword      |       |     2 |    53 |    17 ||    72
